 Seeded DCSS version 0.30.1-9-gdf580d7c3d (webtiles) character file.

Game seed: 87907579580 (custom seed)

8 lonewolfV2 the Shield-Bearer (level 2, 0/16 HPs)
             Began as a Vine Stalker Fighter on Sept 27, 2023.
             Slain by a kobold
             ... wielding a +0 whip
              (4 damage)
             ... on level 1 of the Dungeon.
             The game lasted 00:00:26 (468 turns).

lonewolfV2 the Shield-Bearer (Vine Stalker Fighter)  Turns: 468, Time: 00:00:27

Health: 0/16       AC:  6    Str: 18    XL:     2   Next: 8%
Magic:  0/3        EV:  9    Int:  8    God:
Gold:   19         SH:  4    Dex: 13    Spells: 1/1 levels left

rFire   . . .        a - +0 war axe
rCold   . . .        c - +0 buckler
rNeg    . . .        b - +0 scale mail
rPois   .            (no helmet)
rElec   .            (no cloak)
rCorr   .            (no gloves)
SInv    .            (no boots)
Will    .....        (no amulet) Stlth
                     (no ring)
HPRegen 0.22/turn    (no ring)
MPRegen 0.08/turn

%: guardian spirit
@: no status effects
A: fangs 2, magic shield, antimagic bite, no potion heal 2
a: no special abilities


You were on level 1 of the Dungeon.
You visited 1 branch of the dungeon, and saw 1 of its levels.

You collected 19 gold pieces.

Inventory:

Hand Weapons
 a - a +0 war axe (weapon)
Armour
 b - a +0 scale mail (worn)
 c - a +0 buckler (worn)
Scrolls
 f - a scroll of teleportation {unknown}
Potions
 d - a potion of might
 e - 2 potions of magic {unknown}


   Skills:
 + Level 2.8 Fighting
 + Level 1.8 Axes
 + Level 2.6 Armour
 + Level 2.8 Shields


You had one spell level left.
You didn't know any spells.
Your spell library was empty.

Dungeon Overview and Level Annotations

Branches:
Dungeon (1/15)

Altars:

Shops:
D:1 (


Innate Abilities, Weirdness & Mutations

You have extremely sharp teeth.
When hurt, damage is shared between your health and your magic reserves.
Your bite disrupts and absorbs the magic of your enemies.
Potions cannot restore your health.


Message History

There is an entrance to Duvviuli's Weapon Emporium here.
Found a plate armour.
Found 5 stones.
You see here 5 stones.
A goblin comes into view. It is wielding a +0 dagger.
The goblin shouts!
A goblin is nearby!
A goblin is nearby!
A goblin is nearby!
A goblin is nearby!
The goblin hits you but does no damage.
You barely miss the goblin. You bite the goblin.
You kill the goblin!
You have reached level 2!
Things that are here:
a +0 dagger; a goblin corpse You open the door.
A kobold and an endoplasm come into view.
The endoplasm quivers.
Found a peridot ring and an emerald potion.
There are monsters nearby!
There are monsters nearby!
There are monsters nearby!
There is an open door here.
The kobold barely misses you.
You barely miss the kobold. You barely miss the endoplasm.
The endoplasm freezes you.
You are frozen.
The kobold closely misses you. The kobold hits you with a +0 whip.
The endoplasm freezes you.
You are frozen.
You barely miss the kobold. You completely miss the endoplasm.
The endoplasm closely misses you. The kobold barely misses you.
You closely miss the kobold. You slash the endoplasm!
You kill the endoplasm!
The kobold hits you with a +0 whip.
You hit the kobold but do no damage. The kobold hits you with a +0 whip.
* * * LOW HITPOINT WARNING * * *
The kobold hits you with a +0 whip.
You die...

#.#### #.... ##.......
#..## ##.......##
#####...####.........#
#..........+.......!.+
..###...####.......=.#
.##....## #.......#
.##.#### #..K..# ###.#
#.@.# # #.# ##'## #.#
########.# #.#
#........# #.#
#.#####).## #.# #.#
##...##### #.#
#.####......... #.#
#.##.(....#####
#.#####.##.##..##


You could see a kobold.

Vanquished Creatures
  A ball python (D:1)
  An endoplasm (D:1)
  A giant cockroach (D:1)
  2 goblins (D:1)
  A kobold (D:1)
  A rat (D:1)
7 creatures vanquished.

Notes
Turn   | Place    | Note
-------+----------+-------------------------------------------
     0 | D:1      | lonewolfV2 the Vine Stalker Fighter began the quest for the
                  | Orb.
     0 | D:1      | Reached XP level 1. HP: 11/11 MP: 2/2
   402 | D:1      | Found Duvviuli's Weapon Emporium.
   458 | D:1      | Reached XP level 2. HP: 16/16 MP: 3/3
   468 | D:1      | Slain by a kobold

Illustrated notes

Levels and vault maps discovered:
D:1:      lightli_arrival_statuegarden, layout_loops_corners, serial_shops,
          nicolae_shop_bloodbath_and_beyond

Action                     || total
---------------------------++-------
  Melee: War axe           ||    20
         Bite              ||     5
 Armour: Scale mail        ||    11
  Dodge: Dodged            ||    12
  Block: Buckler           ||     3
